| TOP OF THE 1ST |
|
Minnesota Twins batting - Pitching for Pittsburgh Pirates : RHP Isaburo Ishihara
|
|
Pitching: RHP Isaburo Ishihara
|
|
|
Batting: RHB Jared McClernon
|
0-0: Swinging Strike 0-1: Ball 1-1: Foul Ball, location: 2F 1-2: Strikes out looking
|
|
Batting: LHB Sadamu Noguchi
|
0-0: Called Strike 0-1: Ball 1-1: Ball 2-1: Ball 3-1: DOUBLE (Groundball, 5L, EV 102.5 MPH)
|
|
Batting: LHB Kevin Bellman
|
0-0: Ground out 6-3 (Groundball, P, EV 78.8 MPH) Sadamu Noguchi to third
|
|
Batting: LHB Joel Kunkler
|
0-0: Ball 1-0: Foul Ball, location: 2F 1-1: Swinging Strike 1-2: Ball 2-2: Strikes out swinging
|
| Top of the 1st over - 0 runs, 1 hit, 0 errors, 1 left on base; Minnesota 0 - Pittsburgh 0 |
| BOTTOM OF THE 1ST |
|
Pittsburgh Pirates batting - Pitching for Minnesota Twins : RHP Jesus Fernandez
|
|
Pitching: RHP Jesus Fernandez
|
|
|
Batting: RHB Jeckel Hester
|
0-0: Called Strike 0-1: Called Strike 0-2: Ball 1-2: Ball 2-2: Fly out, F7 (Flyball, 7LD, EV 90.6 MPH)
|
|
Batting: RHB Eisse Bravenboer
|
0-0: Ball 1-0: Ball 2-0: DOUBLE (Line Drive, 9LS, EV 108.1 MPH)
|
|
Batting: RHB Vincent Poopwell
|
0-0: Ball Wild Pitch! Eisse Bravenboer to third 1-0: Called Strike 1-1: Ball 2-1: Fly out, F5 (Popup, 15, EV 70.6 MPH)
|
|
Batting: LHB Theodore Conboy
|
0-0: Ball 1-0: Ball 2-0: Ball 3-0: Called Strike 3-1: Base on Balls
|
|
Batting: RHB Steve Jordan
|
0-0: Ball 1-0: Ball 2-0: Ball 3-0: Called Strike 3-1: Foul Ball, location: 2F 3-2: SINGLE (Groundball, 6D, EV 98.1 MPH) Eisse Bravenboer scores Theodore Conboy to second Theodore Conboy to third
|
|
Batting: RHB Tommie Eaton
|
0-0: Ball 1-0: Swinging Strike 1-1: Ball 2-1: Foul Ball, location: 2F 2-2: Fly out, F9 (Line Drive, 9, EV 90.6 MPH)
|
| Bottom of the 1st over - 1 run, 2 hits, 0 errors, 2 left on base; Minnesota 0 - Pittsburgh 1 |
| TOP OF THE 2ND |
|
Minnesota Twins batting - Pitching for Pittsburgh Pirates : RHP Isaburo Ishihara
|
|
Batting: RHB Jesus Chavez
|
0-0: Fly out, F9 (Flyball, 9, EV 90.6 MPH)
|
|
Batting: RHB Väinö Tapaninen
|
0-0: SOLO HOME RUN (Flyball, 78XD, EV 110.0 MPH), Distance : 430 ft
|
|
Batting: SHB Buster Hyman
|
0-0: Fly out, F6 (Popup, 6M, EV 60.6 MPH)
|
|
Batting: RHB Josh Zoglmann
|
0-0: Ball 1-0: Ball 2-0: Called Strike 2-1: SINGLE (Groundball, 56D, EV 93.8 MPH)
|
|
Batting: RHB Brett Steele
|
0-0: Ball 1-0: Foul Ball, location: 2F 1-1: Ball 2-1: Ball 3-1: Called Strike Pickoff Throw to First - Error! E1 Josh Zoglmann to second 3-2: Base on Balls
|
|
Batting: RHB Jared McClernon
|
0-0: Ball 1-0: Called Strike 1-1: Ball 2-1: Swinging Strike 2-2: Strikes out swinging
|
| Top of the 2nd over - 1 run, 2 hits, 1 error, 2 left on base; Minnesota 1 - Pittsburgh 1 |
| BOTTOM OF THE 2ND |
|
Pittsburgh Pirates batting - Pitching for Minnesota Twins : RHP Jesus Fernandez
|
|
Batting: RHB Raul Mendoza
|
0-0: Foul Ball, location: 2F 0-1: Foul Ball, location: 2F 0-2: Ball 1-2: Ground out 1-3 (Groundball, 34S, EV 71.9 MPH)
|
|
Batting: RHB Mike Thornton
|
0-0: Called Strike 0-1: Swinging Strike 0-2: Ball 1-2: Foul Ball, location: 2F 1-2: SINGLE (Flyball, 6D, EV 92.5 MPH)
|
|
Batting: RHB Andrew Robinson
|
0-0: Ball 1-0: Ball 2-0: Foul Ball, location: 2F 2-1: Ball 3-1: SINGLE (Line Drive, 9S, EV 103.1 MPH) Mike Thornton to second
|
|
Batting: RHB Jeckel Hester
|
0-0: Grounds into double play, 5-4-3 (Groundball, 5, EV 108.1 MPH)
|
| Bottom of the 2nd over - 0 runs, 2 hits, 0 errors, 1 left on base; Minnesota 1 - Pittsburgh 1 |
| TOP OF THE 3RD |
|
Minnesota Twins batting - Pitching for Pittsburgh Pirates : RHP Isaburo Ishihara
|
|
Batting: LHB Sadamu Noguchi
|
0-0: Ball 1-0: SINGLE (Groundball, 34S, EV 74.4 MPH) (infield hit)
|
|
Batting: LHB Kevin Bellman
|
0-0: Foul Ball, location: 2F 0-1: Ball 1-1: Ball 2-1: Ball 3-1: Grounds into double play, 6-4-3 (Groundball, 6, EV 84.4 MPH)
|
|
Batting: LHB Joel Kunkler
|
0-0: Called Strike 0-1: Foul Ball, location: 2F 0-2: Ball 1-2: Ball 2-2: Strikes out swinging
|
| Top of the 3rd over - 0 runs, 1 hit, 0 errors, 0 left on base; Minnesota 1 - Pittsburgh 1 |
| BOTTOM OF THE 3RD |
|
Pittsburgh Pirates batting - Pitching for Minnesota Twins : RHP Jesus Fernandez
|
|
Batting: RHB Eisse Bravenboer
|
0-0: Bunt for hit to P - play at first, batter OUT! 1-3
|
|
Batting: RHB Vincent Poopwell
|
0-0: Called Strike 0-1: Called Strike 0-2: Ball 1-2: Foul Ball, location: 2F 1-2: Strikes out swinging
|
|
Batting: LHB Theodore Conboy
|
0-0: Called Strike 0-1: Foul Ball, location: 2F 0-2: Ball 1-2: Strikes out swinging
|
| Bottom of the 3rd over - 0 runs, 0 hits, 0 errors, 0 left on base; Minnesota 1 - Pittsburgh 1 |
| TOP OF THE 4TH |
|
Minnesota Twins batting - Pitching for Pittsburgh Pirates : RHP Isaburo Ishihara
|
|
Batting: RHB Jesus Chavez
|
0-0: SINGLE (Groundball, 56D, EV 100.6 MPH)
|
|
Batting: RHB Väinö Tapaninen
|
0-0: Called Strike 0-1: Ball 1-1: Ball 2-1: SINGLE (Groundball, 56D, EV 107.5 MPH) Jesus Chavez to second
|
|
Batting: SHB Buster Hyman
|
0-0: Foul Ball, location: 2F 0-1: Ball 1-1: Fly out, F5 (Popup, 25F, EV 86.3 MPH)
|
|
Batting: RHB Josh Zoglmann
|
0-0: Ball 1-0: Called Strike 1-1: Called Strike 1-2: Ball 2-2: Strikes out swinging
|
|
Batting: RHB Brett Steele
|
0-0: Foul Ball, location: 2F 0-1: SINGLE (Groundball, 4M, EV 93.8 MPH) (infield hit) Jesus Chavez to third Väinö Tapaninen to second
|
|
Batting: RHB Jared McClernon
|
0-0: Swinging Strike 0-1: Swinging Strike 0-2: Strikes out looking
|
| Top of the 4th over - 0 runs, 3 hits, 0 errors, 3 left on base; Minnesota 1 - Pittsburgh 1 |
| BOTTOM OF THE 4TH |
|
Pittsburgh Pirates batting - Pitching for Minnesota Twins : RHP Jesus Fernandez
|
|
Batting: RHB Steve Jordan
|
0-0: Ground out 6-3 (Groundball, 6, EV 81.9 MPH)
|
|
Batting: RHB Tommie Eaton
|
0-0: Ball 1-0: Called Strike 1-1: Ball 2-1: Foul Ball, location: 2F 2-2: Ball 3-2: Strikes out swinging
|
|
Batting: RHB Raul Mendoza
|
0-0: Foul Ball, location: 2F 0-1: Ball 1-1: Ball 2-1: Ground out 5-3 (Groundball, 56S, EV 80.6 MPH)
|
| Bottom of the 4th over - 0 runs, 0 hits, 0 errors, 0 left on base; Minnesota 1 - Pittsburgh 1 |
| TOP OF THE 5TH |
|
Minnesota Twins batting - Pitching for Pittsburgh Pirates : RHP Isaburo Ishihara
|
|
Batting: LHB Sadamu Noguchi
|
0-0: Ball 1-0: Ball 2-0: SOLO HOME RUN (Flyball, 78XD, EV 101.9 MPH), Distance : 401 ft
|
|
Batting: LHB Kevin Bellman
|
0-0: Ball 1-0: Ball 2-0: Foul Ball, location: 2F 2-1: SOLO HOME RUN (Flyball, 7D, EV 95.0 MPH), Distance : 375 ft
|
|
Batting: LHB Joel Kunkler
|
0-0: Foul Ball, location: 2F 0-1: Ball 1-1: Ball 2-1: Fly out, F8 (Line Drive, 8LD, EV 96.3 MPH)
|
|
Batting: RHB Jesus Chavez
|
0-0: Ground out 6-3 (Groundball, 56, EV 99.4 MPH)
|
|
Batting: RHB Väinö Tapaninen
|
0-0: Ball 1-0: Ball 2-0: Called Strike 2-1: Ball 3-1: Base on Balls
|
|
Batting: SHB Buster Hyman
|
0-0: Ball 1-0: Ball 2-0: Fielders Choice at 2nd, 6-4 (Groundball, 56, EV 85.6 MPH)
|
| Top of the 5th over - 2 runs, 2 hits, 0 errors, 1 left on base; Minnesota 3 - Pittsburgh 1 |
| BOTTOM OF THE 5TH |
|
Pittsburgh Pirates batting - Pitching for Minnesota Twins : RHP Jesus Fernandez
|
|
Batting: RHB Mike Thornton
|
0-0: Foul Ball, location: 2F 0-1: Fly out, F8 (Flyball, 8LXD, EV 93.8 MPH)
|
|
Pitching: RHP Keeley Schenk
|
|
|
Batting: RHB Andrew Robinson
|
0-0: Foul Ball, location: 2F 0-1: Foul Ball, location: 2F 0-2: Ball 1-2: Ball 2-2: Ball 3-2: SOLO HOME RUN (Line Drive, 7D, EV 97.5 MPH), Distance : 373 ft
|
|
Batting: RHB Jeckel Hester
|
0-0: Foul Ball, location: 2F 0-1: Ball 1-1: Fly out, F7 (Line Drive, 7, EV 95.6 MPH)
|
|
Batting: RHB Eisse Bravenboer
|
0-0: SINGLE (Groundball, 34D, EV 97.5 MPH)
|
|
Batting: RHB Vincent Poopwell
|
0-0: Called Strike 0-1: Ball Eisse Bravenboer steals 2nd base 1-1: SINGLE (Groundball, 6MD, EV 105.0 MPH) Eisse Bravenboer to third Runner from 3rd tries for Home, SAFE, throw by CF to home
|
|
Batting: LHB Theodore Conboy
|
0-0: Ball 1-0: Ground out 5-3 (Groundball, 56, EV 105.0 MPH)
|
| Bottom of the 5th over - 2 runs, 3 hits, 0 errors, 1 left on base; Minnesota 3 - Pittsburgh 3 |
| TOP OF THE 6TH |
|
Minnesota Twins batting - Pitching for Pittsburgh Pirates : RHP Isaburo Ishihara
|
|
Batting: RHB Josh Zoglmann
|
0-0: Called Strike 0-1: Fly out, F8 (Flyball, 8LD, EV 91.9 MPH)
|
|
Batting: RHB Brett Steele
|
0-0: Called Strike 0-1: Ball 1-1: Ball 2-1: DOUBLE (Line Drive, 78D, EV 106.9 MPH)
|
|
Batting: RHB Jared McClernon
|
0-0: Swinging Strike 0-1: Fly out, F5 (Line Drive, 5, EV 73.8 MPH)
|
|
Batting: LHB Sadamu Noguchi
|
0-0: Ball 1-0: Called Strike 1-1: Foul Ball, location: 2F 1-2: Ball 2-2: Ground out 6-3 (Groundball, 6, EV 106.3 MPH)
|
| Top of the 6th over - 0 runs, 1 hit, 0 errors, 1 left on base; Minnesota 3 - Pittsburgh 3 |
| BOTTOM OF THE 6TH |
|
Pittsburgh Pirates batting - Pitching for Minnesota Twins : RHP Keeley Schenk
|
|
Batting: RHB Steve Jordan
|
0-0: Called Strike 0-1: Ball 1-1: Ball 2-1: SINGLE (Line Drive, 6M, EV 96.9 MPH)
|
|
Batting: RHB Tommie Eaton
|
0-0: Ball 1-0: Ball 2-0: SINGLE (Line Drive, 7S, EV 88.1 MPH) Steve Jordan to second
|
|
Batting: RHB Raul Mendoza
|
0-0: Called Strike 0-1: Ball 1-1: Swinging Strike 1-2: Ball 2-2: Ball 3-2: Base on Balls Steve Jordan to third Tommie Eaton to second
|
|
Batting: RHB Mike Thornton
|
0-0: Foul Ball, location: 2F 0-1: Fly out, F8 (Flyball, 8LS, EV 86.3 MPH)
|
|
Batting: RHB Andrew Robinson
|
0-0: Foul Ball, location: 2F 0-1: Fielders Choice at 2nd, 3-6 (Groundball, 34, EV 91.3 MPH) Steve Jordan scores Tommie Eaton to third
|
|
Pitching: RHP Riley Pooley
|
|
|
Batting: RHB Jeckel Hester
|
0-0: Ball 1-0: Ball 2-0: Foul Ball, location: 2F 2-1: DOUBLE (Line Drive, 9LM, EV 107.5 MPH) Tommie Eaton scores Andrew Robinson to third Runner from 3rd tries for Home, SAFE, no throw by RF
|
|
Batting: RHB Eisse Bravenboer
|
0-0: Foul Ball, location: 2F 0-1: Ground out 4-3 (Groundball, 4M, EV 78.1 MPH)
|
| Bottom of the 6th over - 3 runs, 3 hits, 0 errors, 1 left on base; Minnesota 3 - Pittsburgh 6 |
| TOP OF THE 7TH |
|
Minnesota Twins batting - Pitching for Pittsburgh Pirates : RHP Isaburo Ishihara
|
|
Batting: LHB Kevin Bellman
|
0-0: Ball 1-0: Called Strike 1-1: Ball 2-1: Ground out 6-3 (Groundball, 6M, EV 89.4 MPH)
|
|
Batting: LHB Joel Kunkler
|
0-0: Fly out, F7 (Flyball, 78S, EV 87.5 MPH)
|
|
Batting: RHB Jesus Chavez
|
0-0: Ball 1-0: Ball 2-0: Fly out, F8 (Flyball, 78D, EV 100.6 MPH)
|
| Top of the 7th over - 0 runs, 0 hits, 0 errors, 0 left on base; Minnesota 3 - Pittsburgh 6 |
| BOTTOM OF THE 7TH |
|
Pittsburgh Pirates batting - Pitching for Minnesota Twins : RHP Riley Pooley
|
|
Batting: RHB Vincent Poopwell
|
0-0: Ball 1-0: Called Strike 1-1: Ball 2-1: Called Strike 2-2: Foul Ball, location: 2F 2-2: Ball 3-2: Strikes out swinging
|
|
Batting: LHB Theodore Conboy
|
0-0: Ball 1-0: Foul Ball, location: 2F 1-1: Foul Ball, location: 2F 1-2: Foul Ball, location: 2F 1-2: Ball 2-2: Ball 3-2: Base on Balls
|
|
Batting: RHB Steve Jordan
|
0-0: Foul Ball, location: 2F 0-1: Ball 1-1: Called Strike Theodore Conboy steals 2nd base 1-2: Foul Ball, location: 2F 1-2: Fly out, F4 (Popup, 13, EV 73.1 MPH)
|
|
Batting: RHB Tommie Eaton
|
0-0: Called Strike 0-1: Swinging Strike 0-2: Ball 1-2: Ball 2-2: Fly out, F8 (Flyball, 8RD, EV 105.6 MPH)
|
| Bottom of the 7th over - 0 runs, 0 hits, 0 errors, 1 left on base; Minnesota 3 - Pittsburgh 6 |
| TOP OF THE 8TH |
|
Minnesota Twins batting - Pitching for Pittsburgh Pirates : RHP Isaburo Ishihara
|
|
Batting: RHB Väinö Tapaninen
|
0-0: Ball 1-0: Foul Ball, location: 2F 1-1: Ground out 6-3 (Groundball, 6, EV 87.5 MPH)
|
|
Batting: SHB Buster Hyman
|
0-0: SINGLE (Flyball, 89S, EV 83.1 MPH)
|
|
Pitching: LHP Riichi Yamashita
|
|
|
Batting: RHB Josh Zoglmann
|
0-0: Ball 1-0: Ball 2-0: Grounds into double play, 5-4-3 (Groundball, 56S, EV 88.8 MPH)
|
| Top of the 8th over - 0 runs, 1 hit, 0 errors, 0 left on base; Minnesota 3 - Pittsburgh 6 |
| BOTTOM OF THE 8TH |
|
Pittsburgh Pirates batting - Pitching for Minnesota Twins : RHP Riley Pooley
|
|
Pitching: RHP Oscar Zuniga
|
|
|
Batting: RHB Raul Mendoza
|
0-0: Ball 1-0: Foul Ball, location: 2F 1-1: Ball 2-1: Foul Ball, location: 2F 2-2: Foul Ball, location: 2F 2-2: Fly out, F8 (Flyball, 8RM, EV 90.6 MPH)
|
|
Batting: RHB Mike Thornton
|
0-0: Foul Ball, location: 2F 0-1: SINGLE (Line Drive, 9S, EV 99.4 MPH)
|
|
Batting: RHB Andrew Robinson
|
0-0: 2-RUN HOME RUN (Flyball, 7D, EV 98.8 MPH), Distance : 381 ft
|
|
Batting: RHB Jeckel Hester
|
0-0: Ball 1-0: Foul Ball, location: 2F 1-1: Ball 2-1: Foul Ball, location: 2F 2-2: Ball 3-2: Foul Ball, location: 2F 3-2: SINGLE (Line Drive, 56D, EV 106.3 MPH)
|
|
Batting: RHB Eisse Bravenboer
|
0-0: Called Strike Jeckel Hester steals 2nd base 0-1: Ball Jeckel Hester steals 3rd base 1-1: Fly out, F9 (Line Drive, 9D, EV 93.8 MPH) Runner from 3rd tags up, SCORES, no throw by RF
|
|
Pitching: RHP Tomas Vargas
|
|
|
Batting: RHB Vincent Poopwell
|
0-0: Called Strike 0-1: Foul Ball, location: 2F 0-2: Ball 1-2: Ball 2-2: Ball 3-2: Strikes out swinging, 2-3 out at first.
|
| Bottom of the 8th over - 3 runs, 3 hits, 0 errors, 0 left on base; Minnesota 3 - Pittsburgh 9 |
| TOP OF THE 9TH |
|
Minnesota Twins batting - Pitching for Pittsburgh Pirates : LHP Riichi Yamashita
|
|
Batting: RHB Brett Steele
|
0-0: Ball 1-0: Ball 2-0: Called Strike 2-1: Called Strike 2-2: Ball 3-2: Strikes out looking
|
|
Batting: RHB Jared McClernon
|
0-0: Ball 1-0: Ball 2-0: Ball 3-0: Called Strike 3-1: DOUBLE (Groundball, 5L, EV 108.8 MPH)
|
|
Batting: LHB Sadamu Noguchi
|
0-0: Foul Ball, location: 2F 0-1: Ball 1-1: Ground out U3 (Groundball, 3, EV 86.9 MPH) Jared McClernon to third
|
|
Batting: LHB Kevin Bellman
|
0-0: SINGLE (Groundball, 4M, EV 84.4 MPH) (infield hit) Jared McClernon scores
|
|
Batting: LHB Joel Kunkler
|
0-0: Ball 1-0: Foul Ball, location: 2F 1-1: Ball 2-1: Foul Ball, location: 2F 2-2: Strikes out swinging
|
| Top of the 9th over - 1 run, 2 hits, 0 errors, 1 left on base; Minnesota 4 - Pittsburgh 9 |
|